 Dungeon Crawl Stone Soup version 0.30-a0-583-g19bae12e61 (webtiles) character file.

Game seed: 17521473968618947423

77132 Gargoyl the Severer (level 15, -5/96 HPs)
             Began as a Gargoyle Berserker on Oct 6, 2022.
             Was the Champion of Trog.
             Slain by an orc warrior
             ... wielding a +0 halberd
             ... led by an orc knight
              (13 damage)
             ... on level 1 of the Orcish Mines on Jan 1, 2023.
             The game lasted 00:42:31 (19278 turns).

Gargoyl the Severer (Gargoyle Berserker)           Turns: 19278, Time: 00:42:32

Health: -5/96      AC: 36    Str: 28    XL:     15   Next: 55%
Magic:  15/15      EV: 13    Int:  8    God:    Trog [******]
Gold:   1266       SH:  0    Dex: 13    Spells: 14/14 levels left

rFire   . . .      SeeInvis +    h - +9 executioner's axe (venom)
rCold   + . .      Faith    .    (shield currently unavailable)
rNeg    + + .      Spirit   .    o - +3 scale mail "Sidgh" {Str+4}
rPois   ∞          Reflect  +    I - +2 helmet {SInv}
rElec   +          Harm     .    l - +1 cloak
rCorr   .          Rampage  .    e - +2 pair of gloves
Will    +....                    D - +0 pair of boots Stlth
                                 B - amulet of reflection
HPRegen 0.36/turn                G - ring of positive energy
MPRegen 0.14/turn                M - ring of protection from cold

@: confused, ambrosia-drunk, flying
A: sickness immunity, AC +11, big wings, negative energy resistance 1,
electricity resistance, torment resistance 1, petrification resistance,
iridescent scales 1, large bone plates 1, passive freeze
a: Renounce Religion, Berserk, Trog's Hand, Brothers in Arms


You were on level 1 of the Orcish Mines.
You worshipped Trog.
Trog was exalted by your worship.
You visited 3 branches of the dungeon, and saw 22 of its levels.
You visited the Abyss 1 time.

You collected 2243 gold pieces.
You spent 977 gold pieces at shops.

Inventory:

Hand Weapons
 h - a +9 executioner's axe of venom (weapon)
 q - a +1 broad axe of protection
 E - a +1 heavy flail
 P - a +3 scimitar of flaming
 Q - the +5 hand axe "Gifiasai" {heavy, rN+}
   (You found it on level 14 of the Dungeon)

   It deals dramatically more damage, but attacks with it are much slower.
   rN:        It protects you from negative energy.
Missiles
 r - 40 poisoned darts (quivered)
Armour
 e - a +2 pair of gloves (worn)
 l - a +1 cloak (worn)
 o - the +3 scale mail "Sidgh" (worn) {Str+4}
   (You found it on level 2 of the Dungeon)

   Str:       It affects your strength (+4).
 D - a +0 pair of boots (worn)
 I - a +2 helmet of see invisible (worn)
Jewellery
 B - an amulet of reflection (around neck)
 G - a ring of positive energy (left hand)
 L - a ring of willpower
 M - a ring of protection from cold (right hand)
 O - a +6 ring of dexterity
Wands
 b - a wand of light (5)
 x - a wand of polymorph (1)
 y - a wand of charming (8)
 F - a wand of iceblast (21)
 J - a wand of flame (26)
 K - a wand of digging (8)
Scrolls
 i - 4 scrolls of fear
 j - 4 scrolls of poison
 k - 3 scrolls of blinking
 p - 2 scrolls of fog
 s - 11 scrolls of identify
 w - 4 scrolls of vulnerability
 H - 8 scrolls of teleportation
 N - 2 scrolls of magic mapping
 R - a scroll of summoning
Potions
 a - a potion of magic {unknown}
 c - 3 potions of berserk rage
 d - a potion of cancellation
 f - 5 potions of might
 g - 2 potions of resistance
 n - 3 potions of lignification
 t - 7 potions of ambrosia
 v - 8 potions of curing
 z - a potion of haste
 A - 2 potions of flight
 C - 4 potions of mutation
Miscellaneous
 m - a lightning rod (4/4)


   Skills:
 + Level 12.2 Fighting
 + Level 0.9 Long Blades
 + Level 17.8 Axes
 + Level 1.1 Throwing
 + Level 10.7 Armour
 + Level 7.1 Dodging
 + Level 2.8 Stealth
 + Level 10.6 Shields
 + Level 1.6 Unarmed Combat
 + Level 0.8 Evocations


You had 14 spell levels left.
You didn't know any spells.
Your spell library was empty.

Dungeon Overview and Level Annotations

Branches:
Dungeon (15/15)            Temple (0/1) D:5            Lair (5/5) D:9
  Swamp (0/4) Lair:3        Snake (0/4) Lair:3        Slime (0/5) Lair:5
    Orc (2/2) D:10            Elf (0/3) Orc:2        Vaults (0/5) D:13
 Depths (0/4) D:15

Altars:
Dithmenos
Hepliaklqana
Kikubaaqudgha
Makhleb
Nemelex Xobeh
Okawaru
Qazlal
Trog
Vehumet
Xom
Zin
Jiyva

Shops:
D:7 [*   D:12 [   D:14 ?

Annotations:
D:10 6 transporters
Lair:5 3 runed translucent doors, Ludaler's ghost, journeyman DDGl


Innate Abilities, Weirdness & Mutations

You are immune to sickness and miasma.
Your stone body is resilient. (AC +11)
You are immune to poison.
Your large and strong wings let you fly.
You resist negative energy. (rN+)
You are resistant to electric shocks. (rElec)
You are resistant to unholy torment.
You are immune to petrification.
You are partially covered in iridescent scales. (AC +2)
You are partially covered in large bone plates. (SH +4)
A frigid envelope surrounds you and freezes all who hurt you.


Message History

The orc warrior hits you but does no damage.
The orc warrior is very cold.
You kill the orc warrior!
Trog accepts your kill. The orc warrior misses you.
The orc sorcerer closely misses you. The orc warrior closely misses you.
The orc warrior barely misses you. The gnoll hits you but does no damage.
The ogre shouts!
Unknown command.
You barely miss the orc priest.
The orc priest is moderately wounded.
You slice the orc!!
You kill the orc!
Trog accepts your kill.
You closely miss the orc sorcerer. You barely miss the orc warrior.
You hit the orc warrior.
The orc warrior looks as sick as possible!
The orc warrior barely misses you.
The orc warrior hits you but does no damage.
The orc warrior hits you from afar with a +0 halberd!
* * * LOW HITPOINT WARNING * * *
The gnoll barely misses you. The orc priest barely misses you.
The orc warrior hits you with a +0 dire flail!
* * * LOW HITPOINT WARNING * * *
The orc warrior is very cold.
The orc warrior is severely wounded.
Unknown command.
You chop the orc knight into pieces!!!
The orc knight is heavily wounded.
You slash the orc warrior!
You kill the orc warrior!
Trog accepts your kill.
You hit the orc.
The orc is poisoned.
You miss the orc priest. You completely miss the orc sorcerer.
The gnoll hits you but does no damage. The orc priest barely misses you.
The orc priest calls upon Beogh to heal the orc priest.
The orc wizard is healed somewhat.
The orc warrior barely misses you. The orc warrior misses you.
The orc sorcerer closely misses you.
The orc warrior hits you from afar with a +0 halberd!
You die...

#....# .##....
....#. .......
...... .......##
......#........##
.......#........#
................#
.....o)o.......##
...ooo4@).......#
.....oooogo....##
......)ooo......#
......)og......##
......†))......#
................#
...O............#
................#
.......#.......##


You could see an orc knight, a rust devil (summoned), an orc sorcerer (strong,
extremely poisoned), 4 orc warriors, an ogre, 2 orc priests, 2 orc wizards, 2
gnolls and 4 orcs.

Vanquished Creatures
  Agnes (D:14)
  The ghost of kirsanium the Spry, a journeyman MfGl of Hepliaklqana (D:13)
  2 very ugly things (Abyss:2)
  2 fire dragons
  3 catoblepae
  An ice dragon (D:15)
  2 hydras
  5 centaur warriors
  2 two-headed ogres
  A deep troll earth mage (D:13)
  An anaconda (Abyss:2)
  3 boulder beetles
  2 tengu warriors (D:14)
  A death drake (shapeshifter) (D:13)
  Lodul (D:12)
  A deep elf pyromancer (D:14)
  A swamp dragon (Lair:5)
  A mana viper (Abyss:2)
  2 wizards
  An orange crystal statue (D:9)
  2 manticores
  A large abomination (Abyss:2)
  5 cyclopes
  An orc sorcerer (Orc:1)
  An oklob plant (Lair:5)
  28 ugly things
  7 elephants
  A torpor snail (Abyss:2)
  4 black mambas
  A torpor snail (shapeshifter) (D:13)
  9 cane toads
  A gargoyle (D:11)
  An unseen horror (D:11)
  An unseen horror (shapeshifter) (D:13)
  A freezing wraith (D:15)
  8 komodo dragons
  Psyche (D:10)
  7 rime drakes
  2 efreet
  A tengu conjurer (D:13)
  A kobold demonologist (D:10)
  6 trolls
  A polar bear (Lair:5)
  A tyrant leech (Abyss:2)
  A hornet (D:6)
  A raiju (Abyss:2)
  Grinder (D:6)
  A tarantella (D:15)
  7 dream sheep (Lair:5)
  13 blink frogs
  8 slime creatures
  A culicivora (D:15)
  A wraith (D:13)
  4 shadows
  26 yaks
  5 basilisks
  2 vampires
  14 wyverns
  A steam dragon (Lair:5)
  15 vampire mosquitoes
  4 neqoxecs (D:13)
  3 redbacks (D:15)
  Edmund (D:3)
  3 wargs
  6 acid dragons
  2 nagas (Lair:3)
  13 water moccasins
  A small abomination (Abyss:2)
  10 orc warriors
  A swamp drake (Lair:5)
  An ice beast (D:7)
  3 black bears
  10 ogres
  7 wolves (Lair:2)
  21 centaurs
  3 kobold brigands
  A phantom (D:5)
  10 bullfrogs
  4 scorpions
  8 wights
  14 killer bees
  4 electric eels
  2 hounds
  A jelly (D:7)
  4 quasits (D:13)
  13 orc priests
  Crazy Yiuf (D:7)
  A gnoll bouda (D:4)
  Ijyb (D:3)
  13 iguanas
  8 hell rats (Lair:3)
  18 orc wizards
  15 gnolls
  4 adders
  A shadow imp (D:8)
  3 white imps
  3 ufetubi
  2 worms (D:3)
  4 dart slugs
  65 orcs
  5 ball pythons
  2 bat zombies (D:5)
  2 endoplasms
  4 giant cockroaches
  10 goblins
  6 hobgoblins
  4 jackals (D:1)
  5 quokkas
  2 bats
  3 frilled lizards
  25 kobolds
  12 rats
  2 rat zombies (D:5)
598 creatures vanquished.

Vanquished Creatures (collateral kills)
  An endoplasm (D:2)
  A goblin (D:2)
2 creatures vanquished.

Vanquished Creatures (others)
  10 fungi
  50 plants
60 creatures vanquished.

Grand Total: 660 creatures vanquished

Notes
Turn   | Place    | Note
-------+----------+-------------------------------------------
     0 | D:1      | Gargoyl the Gargoyle Berserker began the quest for the Orb.
     0 | D:1      | Reached XP level 1. HP: 14/14 MP: 1/1
    75 | D:1      | Reached XP level 2. HP: 19/19 MP: 2/2
    77 | D:1      | Reached skill level 3 in Axes
   665 | D:2      | Identified the -1 pair of boots of Raneotat {Rampage rCorr
                  | Dex-5 Stlth-}
   811 | D:2      | Reached XP level 3. HP: 21/24 MP: 3/3
  1294 | D:2      | Identified the +3 scale mail "Sidgh" {Str+4}
  1379 | D:3      | Reached skill level 1 in Shields
  1379 | D:3      | Reached XP level 4. HP: 29/29 MP: 4/4
  1400 | D:3      | Reached ** piety under Trog
  1693 | D:3      | Noticed a moth of wrath
  1699 | D:3      | Found a bloodstained altar of Trog.
  1840 | D:3      | Identified the +0 whip "Mavo" {vorpal, rC+ Dex+4}
  1858 | D:3      | Noticed Ijyb
  1867 | D:3      | Reached skill level 4 in Axes
  1867 | D:3      | Reached XP level 5. HP: 33/33 MP: 5/5
  1874 | D:3      | Gained mutation: You are clumsy. (Dex -2) [potion of
                  | mutation]
  1874 | D:3      | Gained mutation: You have a pair of small antennae on your
                  | head. [potion of mutation]
  1874 | D:3      | Gained mutation: You are partially covered in large bone
                  | plates. (SH +4) [potion of mutation]
  1894 | D:3      | Killed Ijyb
  2007 | D:3      | Found a radiant altar of Vehumet.
  2212 | D:4      | Noticed Edmund
  2229 | D:3      | Killed Edmund
  2230 | D:3      | Reached XP level 6. HP: 38/38 MP: 6/6
  2288 | D:4      | Lost mutation: You have a pair of small antennae on your
                  | head. [potion of mutation]
  2288 | D:4      | Lost mutation: You are clumsy. (Dex -2) [potion of
                  | mutation]
  2288 | D:4      | Gained mutation: You are partially covered in iridescent
                  | scales. (AC +2) [potion of mutation]
  2288 | D:4      | Gained mutation: A frigid envelope surrounds you and
                  | freezes all who hurt you. [potion of mutation]
  2369 | D:4      | Reached skill level 5 in Axes
  2480 | D:4      | Reached XP level 7. HP: 44/44 MP: 7/7
  2722 | D:5      | Entered Level 5 of the Dungeon
  2992 | D:5      | Found a hazy altar of Hepliaklqana.
  3005 | D:5      | Found a staircase to the Ecumenical Temple.
  3148 | D:5      | Reached skill level 6 in Axes
  3151 | D:5      | Reached skill level 1 in Stealth
  3156 | D:5      | Found an ancient bone altar of Kikubaaqudgha.
  3363 | D:5      | Reached XP level 8. HP: 42/48 MP: 8/8
  3481 | D:5      | Reached skill level 5 in Fighting
  4113 | D:6      | Noticed a hornet
  4120 | D:6      | Killed a hornet
  4121 | D:6      | Reached skill level 7 in Axes
  4121 | D:6      | Reached skill level 5 in Armour
  4285 | D:6      | Noticed a wyvern
  4291 | D:6      | Killed a wyvern
  4337 | D:6      | Noticed Grinder
  4348 | D:6      | Killed Grinder
  4349 | D:6      | Reached skill level 1 in Throwing
  4349 | D:6      | Reached XP level 9. HP: 55/55 MP: 9/9
  4639 | D:7      | Found Fidd's Antique Armour Shoppe.
  4671 | D:7      | Found a glowing silver altar of Zin.
  4773 | D:7      | Reached skill level 5 in Shields
  5004 | D:7      | Found Qoge Wou's Neck Hole.
  5012 | D:7      | Bought an amulet of reflection for 360 gold pieces
  5444 | D:7      | Found a runed translucent door.
  5445 | D:7      | Noticed Crazy Yiuf
  5498 | D:7      | Reached skill level 8 in Axes
  5578 | D:7      | Killed Crazy Yiuf
  5646 | D:8      | Reached skill level 1 in Unarmed Combat
  5795 | D:8      | Reached XP level 10. HP: 49/61 MP: 10/10
  6112 | D:9      | Noticed an orange crystal statue
  6140 | D:9      | Found a shimmering altar of Xom.
  6330 | D:9      | Reached *** piety under Trog
  6382 | D:9      | Found a staircase to the Lair.
  6576 | D:9      | Found an iron altar of Okawaru.
  6824 | D:9      | Found a burning altar of Makhleb.
  7101 | D:9      | Reached skill level 9 in Axes
  7352 | D:9      | Noticed a two-headed ogre
  7370 | D:10     | Entered Level 10 of the Dungeon
  7376 | D:10     | Found a transporter.
  7403 | D:10     | Found a transporter.
  7404 | D:10     | Found a transporter.
  7417 | D:10     | Found a transporter.
  7434 | D:10     | Found a transporter.
  7436 | D:10     | Found a transporter.
  7525 | D:10     | Found a shadowy altar of Dithmenos.
  7565 | D:10     | Noticed a two-headed ogre
  7575 | D:10     | Killed a two-headed ogre
  7585 | D:10     | Reached XP level 11. HP: 54/67 MP: 11/11
  7639 | D:10     | Reached skill level 10 in Axes
  7657 | D:10     | Found a staircase to the Orcish Mines.
  7679 | D:10     | Noticed Psyche
  7701 | D:10     | Killed Psyche
  7751 | D:10     | Noticed a soul eater
  8122 | Lair:1   | Entered Level 1 of the Lair of Beasts
  8329 | Lair:1   | Reached **** piety under Trog
  8461 | Lair:1   | Identified the +5 scale mail "Siw Ofan" {rF++}
  8523 | Lair:1   | Reached skill level 11 in Axes
  8524 | Lair:1   | Reached skill level 5 in Dodging
  9047 | Lair:2   | Identified a scroll of acquirement
  9047 | Lair:2   | Acquired a +5 executioner's axe of venom
  9229 | Lair:2   | Reached XP level 12. HP: 73/75 MP: 12/12
  9852 | Lair:3   | Found a staircase to the Snake Pit.
  9966 | Lair:3   | Reached skill level 12 in Axes
  9996 | Lair:3   | Found a staircase to the Swamp.
 10421 | Lair:3   | Reached ***** piety under Trog
 10441 | Lair:3   | Reached skill level 13 in Axes
 11116 | Lair:4   | Noticed a four-headed hydra
 11146 | Lair:4   | Killed a six-headed hydra
 11147 | Lair:4   | Reached XP level 13. HP: 80/80 MP: 13/13
 11222 | Lair:4   | Received a gift from Trog
 11767 | Lair:5   | Entered Level 5 of the Lair of Beasts
 11784 | Lair:5   | Found a stormy altar of Qazlal.
 11792 | Lair:5   | Reached skill level 14 in Axes
 11809 | Lair:5   | Found a staircase to the Slime Pits.
 11845 | Lair:5   | Found a viscous altar of Jiyva.
 11854 | Lair:5   | Noticed a minotaur
 11855 | Lair:5   | Noticed Ludaler's ghost (journeyman DDGl)
 11964 | Lair:5   | Found a runed translucent gate.
 11964 | Lair:5   | Found a runed translucent gate.
 11965 | Lair:5   | Found a runed translucent gate.
 12303 | Lair:5   | Noticed a fire dragon
 12310 | Lair:5   | Killed a fire dragon
 12368 | Lair:5   | Identified the ring "Pubrun" {Fire Str+4 Stlth+}
 12453 | Lair:5   | Reached skill level 10 in Fighting
 12453 | Lair:5   | Reached skill level 15 in Axes
 12708 | D:9      | Upgraded the game from 0.30-a0-219-gf2db51d15e to
                  | 0.30-a0-583-g19bae12e61
 12962 | D:9      | Identified the +8 sling "Ylottuul" {heavy, Str+2}
 14157 | D:12     | Found Ziotiyff's Antique Armour Emporium.
 14165 | D:12     | Gained mutation: Your large and strong wings let you fly.
                  | [Gargoyle growth]
 14165 | D:12     | Reached XP level 14. HP: 88/88 MP: 14/14
 14176 | D:12     | Bought a runed helmet for 225 gold pieces
 14381 | D:12     | Noticed Lodul
 14391 | D:12     | Killed Lodul
 14663 | D:12     | Found a sparkling altar of Nemelex Xobeh.
 14993 | D:13     | You are sucked into a shaft and drop 2 floors!
 14993 | D:15     | Entered Level 15 of the Dungeon
 15155 | D:14     | Identified the +1 helmet of the Grue {Fly Dex+4}
 15207 | D:14     | Reached skill level 10 in Armour
 15484 | D:14     | Noticed Agnes
 15485 | D:14     | Reached skill level 16 in Axes
 15647 | D:14     | Killed Agnes
 15654 | D:14     | Reached skill level 10 in Shields
 15666 | D:14     | Reached ****** piety under Trog
 15921 | D:13     | Identified the +1 chain mail of the Lily {rPois Dex+6
                  | Stlth-}
 16005 | D:13     | Found a gate to the Vaults.
 16014 | Abyss:2  | Cast into level 2 of the Abyss (a wizard)
 16026 | Abyss:2  | Noticed a cyan very ugly thing
 16026 | Abyss:2  | Noticed a cyan very ugly thing
 16038 | Abyss:2  | Killed a cyan very ugly thing
 16046 | Abyss:2  | Killed a cyan very ugly thing
 16253 | D:13     | Escaped the Abyss
 16771 | D:13     | Reached skill level 17 in Axes
 16771 | D:13     | Reached XP level 15. HP: 25/95 MP: 15/15
 17142 | D:13     | Found a transporter.
 17145 | D:13     | Noticed kirsanium's ghost (journeyman MfGl)
 17170 | D:13     | Found a transporter.
 17209 | D:13     | Killed kirsanium's ghost
 17505 | D:14     | Found Foucevvo's Magic Scroll Boutique.
 17526 | D:14     | Identified the +5 hand axe "Gifiasai" {heavy, rN+}
 17649 | D:14     | Bought a scroll of summoning for 152 gold pieces
 17649 | D:14     | Bought a scroll of enchant weapon for 120 gold pieces
 17649 | D:14     | Bought a scroll of enchant armour for 120 gold pieces
 18515 | D:15     | Found a staircase to the Depths.
 19038 | Orc:1    | Entered Level 1 of the Orcish Mines
 19108 | Orc:1    | Received a gift from Trog
 19190 | Orc:2    | Entered Level 2 of the Orcish Mines
 19193 | Orc:2    | Found a staircase to the Elven Halls.
 19278 | Orc:1    | Slain by an orc warrior

Illustrated notes

Levels and vault maps discovered:
D:1:      dpeg_arrival_leaves_temple_mockup, layout_basic, minmay_pentomino_p2
D:2:      layout_loops_ring
D:3:      layout_basic, tgw_trog, mainiacjoe_overflow_catwalk, uniq_ijyb
D:4:      layout_rooms, uniq_edmund
D:5:      layout_layer_cave, lemuel_zombie_altar_kikubaaqudgha,
          lemuel_crystal_altar, minmay_temple_entry_trees
D:6:      layout_loops_ring, uniq_grinder
D:7:      layout_basic, mainiacjoe_overflow_24_doors, serial_shops, shop,
          nicolae_shop_sticking_my_neck_out, uniq_crazy_yiuf_cottage
D:8:      layout_rooms
D:9:      layout_loops_ring, okawaru_altar_gauntlet_db,
          mainiacjoe_overflow_alcove_4, mainiacjoe_overflow_alcove_2,
          dpeg_oklobed_lair, minmay_protected_statue
D:10:     layout_loops_cross, nicolae_dithmenos_through_a_glass_darkly,
          erik_orc_4, minmay_misc_feat_tower, serial_nicolae_subway,
          nicolae_sub_station_stone, nicolae_sub_station_crystal,
          nicolae_sub_station_metal, uniq_psyche
D:11:     layout_basic
D:12:     layout_basic, serial_shops, nicolae_diamond_shop,
          nemelex_lonely_heart_becter, uniq_lodul
D:13:     layout_loops_ring, david_vaults_1, gammafunk_ghost_stat_death,
          minmay_misc_feat_five, st_stairs_1, wad_dig_loot
D:14:     layout_basic, serial_shops, nicolae_shop_trees, serial_park_tiny_1,
          uniq_agnes
D:15:     grunt_enter_depths_hoard, layout_cave_pods, minivault_27,
          nicolae_elyvilon_peaceful_grove
Lair:1:   layout_loops_ring
Lair:2:   layout_regular_city, dreamdust_deal_with_the_devil,
          grunt_megastairs_5, lemuel_fruit_tree
Lair:3:   wander_river, layout_small_grid, swamp_mist_pool,
          guppyfry_snake_entry_island, special_room [special_room_mythical_zoo],
          minivault_11, infiniplex_staircase_pool_2
Lair:4:   layout_small_grid, st_stairs_7
Lair:5:   wormcave, layout_cellular_growth, guppyfry_lair_end_dragon,
          slime_entry_1, maelrawn_ghost_gauntlet_escape, lemuel_oklob_altar
Orc:1:    layout_caves
Orc:2:    st_orc_open, layout_diamond_mine, uniq_sonja

Skill      XL: |  1  2  3  4  5  6  7  8  9 10 11 12 13 14 15 |
---------------+----------------------------------------------+-----
Axes           | 3 4 5 6 7 8 9 11 13 15 17 | 17.8
Shields        | 1 2 3 4 6 7 8 9 10 | 10.6
Fighting       | 4 5 6 7 8 9 10 11 12 | 12.2
Dodging        | 2 3 4 5 6 7 |  7.1
Armour         | 3 4 5 6 7 8 9 10 | 10.7
Stealth        | 1 2 |  2.8
Throwing       | 1 |  1.1
Unarmed Combat | 1 |  1.6
Long Blades    | |  0.9
Evocations     | |  0.8

Action                   |  1- 3 |  4- 6 |  7- 9 | 10-12 | 13-15 || total
-------------------------+-------+-------+-------+-------+-------++-------
Melee: Hand axe          |   118 |   158 |   204 |       |       ||   480
       Broad axe         |       |       |    30 |   286 |       ||   316
       Unarmed           |       |       |     3 |       |       ||     3
       Executioner's axe |       |       |       |   141 |   584 ||   725
       Scimitar          |       |       |       |       |     8 ||     8
Throw: Dart              |       |       |     5 |       |       ||     5
Invok: Berserk           |     2 |     4 |     7 |     6 |     1 ||    20
       Trog's Hand       |       |     5 |     7 |     8 |     2 ||    22
Evoke: Wand              |       |       |       |       |     2 ||     2
       Lightning rod     |       |       |       |       |     1 ||     1
  Use: Scroll            |     5 |     4 |     9 |    10 |     8 ||    36
       Potion            |       |     5 |       |     4 |     8 ||    17
Armor: Animal skin       |    54 |       |       |       |       ||    54
       Scale mail        |     7 |    96 |   118 |   299 |   447 ||   967
Dodge: Dodged            |    60 |    85 |   108 |   284 |   428 ||   965
Block: Buckler           |     3 |    44 |   108 |   182 |       ||   337
       Other             |       |       |       |    33 |   266 ||   299
       Reflection        |       |       |       |       |    26 ||    26

Table legend: (Time is in decaauts)
 A = Elapsed time spent in this place.
 B = Non-inter-level travel time spent in this place.
 C = Inter-level travel time spent in this place.
 D = Time resting spent in this place.
 E = Time spent auto-exploring this place.
 F = Levels seen in this place.
 G = Mean time per level.
                   A        B        C        D        E       F      G
               +--------+--------+--------+--------+--------+-----+--------+
         Total |  19687 |  18850 |    837 |    163 |  14129 |  23 |  856.0 |
       Dungeon |  14520 |  13894 |    626 |    128 |  10476 |  15 |  968.0 |
          Lair |   4681 |   4471 |    210 |      0 |   3431 |   5 |  936.2 |
  Orcish Mines |    239 |    239 |      0 |      0 |    116 |   2 |  119.5 |
         Abyss |    246 |    246 |      0 |     35 |    106 |   1 |  246.0 |
               +--------+--------+--------+--------+--------+-----+--------+

Top non-repeatable levels by time:
     D:9: 1804 daAuts
    D:14: 1368 daAuts
    D:13: 1237 daAuts
     D:7: 1163 daAuts
    D:15: 1148 daAuts
  Lair:3: 1114 daAuts
     D:5: 1060 daAuts
    D:11: 1045 daAuts
  Lair:4: 922 daAuts
  Lair:2: 909 daAuts
     D:3: 884 daAuts
  Lair:1: 880 daAuts
    D:12: 863 daAuts
  Lair:5: 855 daAuts
    D:10: 813 daAuts
